 Dungeon Crawl Stone Soup version 0.27.1-3-gb3d3a73c9e (webtiles) character file.

Game seed: 14283111341324568215

1292 sable the Cleaver (level 8, -7/71 HPs)
             Began as a Minotaur Berserker on Oct 30, 2021.
             Was a Priest of Trog.
             Mangled by an orc warrior (21 damage)
             ... on level 6 of the Dungeon.
             The game lasted 00:40:16 (5192 turns).

sable the Cleaver (Minotaur Berserker)              Turns: 5192, Time: 00:40:18

Health: -7/71      AC: 11    Str: 24    XL:     8   Next: 30%
Magic:  7/7        EV: 13    Int:  4    God:    Trog [***...]
Gold:   204        SH:  0    Dex: 10    Spells: 7/7 levels left

rFire    . . .     SeeInvis +   a - +0 hand axe
rCold    . . .     Faith    .   (no shield)
rNeg     . . .     Spirit   .   p - +0 chain mail
rPois    .         Reflect  .   (helmet restricted)
rElec    .         Harm     .   q - +0 cloak
rCorr    .         Rampage  .   (no gloves)
Will     .....                  (no boots)
Stlth    ..........             (no amulet)
HPRegen  0.21/turn              t - +4 ring of evasion
MPRegen  0.10/turn              u - ring of see invisible

@: no status effects
A: horns 2, retaliatory headbutt
a: Renounce Religion, Berserk, Trog's Hand


You were on level 6 of the Dungeon.
You worshipped Trog.
Trog was most pleased with you.
You visited 1 branch of the dungeon, and saw 6 of its levels.

You collected 204 gold pieces.

Inventory:

Hand Weapons
 a - a +0 hand axe (weapon)
 v - a +0 demon blade
 y - a +1 whip of freezing
 z - a +0 mace
Missiles
 b - a throwing net
 c - 11 poisoned darts
 d - 122 stones (quivered)
Armour
 p - a +0 chain mail (worn)
 q - a +0 cloak (worn)
 w - a +0 chain mail
Jewellery
 t - a +4 ring of evasion (left hand)
 u - a ring of see invisible (right hand)
Wands
 k - a wand of flame (47)
 r - a wand of polymorph (10)
 x - a wand of digging (6)
Scrolls
 e - 2 scrolls of vulnerability
 g - a scroll of torment
 j - a scroll of fog {unknown}
 l - a scroll of enchant armour {unknown}
 n - a scroll of noise {unknown}
 o - 2 scrolls of magic mapping
 s - a scroll of enchant weapon {unknown}
Potions
 f - 4 potions of invisibility
 h - 3 potions of attraction
 i - 4 potions of lignification
 m - a potion of curing


   Skills:
 + Level 6.6 Fighting
 + Level 9.0 Axes
 + Level 6.2 Armour
 + Level 3.5 Dodging
 + Level 1.0 Stealth


You had 7 spell levels left.
You didn't know any spells.
Your spell library contained the following spells:

 Spells                   Type           Power      Damage    Failure   Level
 Freeze                   Ice            0%         1d3       98%         1
 Magic Dart               Conj           0%         1d3       98%         1
 Call Imp                 Summ           0%         N/A       99%         2
 Sublimation of Blood     Necr           0%         N/A       99%         2
 Wereblood                Tmut           0%         N/A       99%         2
 Frozen Ramparts          Ice            0%         1d2       100%        3
 Lesser Beckoning         Tloc           0%         N/A       100%        3
 Mephitic Cloud           Conj/Pois/Air  0%         N/A       100%        3
 Hailstorm                Conj/Ice       0%         3d3       100%        4
 Dispersal                Tloc           0%         N/A       100%        6
 Malign Gateway           Summ/Tloc      0%         N/A       100%        7
 Summon Hydra             Summ           0%         N/A       100%        7


Dungeon Overview and Level Annotations

Branches:
Dungeon (6/15)
 Temple: D:4-7

Altars:
Ashenzari
Cheibriados
Fedhas
Makhleb
Okawaru
Uskayaw

Shops:
D:1 ?


Innate Abilities, Weirdness & Mutations

You have a pair of horns on your head.
You reflexively headbutt those who attack you in melee.


Message History

Items here: )))) [[ †.
You start resting.
HP restored.
Items here: )))) [[ †.
An orc comes into view. It is wielding a +0 war axe.
The orc shouts!
An orc warrior comes into view. It is wielding a +0 glaive.
The orc warrior shouts!
A bullfrog zombie comes into view.
An orc priest comes into view. It is wielding a +0 dagger.
The orc priest shouts!
The orc closely misses you.
The orc priest invokes the aid of Beogh against you.
Beogh smites you!
You slash the orc!
You kill the orc!
Trog accepts your kill.
The orc priest looks braver for a moment.
The orc warrior barely misses you.
You see here a +0 war axe.
You hit the orc warrior. You headbutt the orc warrior!
The orc warrior is heavily wounded.
The orc warrior hits you with a +0 glaive.
You closely miss the orc warrior.
The orc warrior is heavily wounded.
You hit the orc warrior but do no damage.
The orc warrior is heavily wounded.
The orc warrior misses you. You furiously retaliate!
You headbutt the orc warrior, but do no damage.
You closely miss the orc warrior. You headbutt the orc warrior.
The orc warrior is heavily wounded.
The orc warrior hits you with a +0 glaive!!
You barely miss the orc warrior.
The orc warrior is heavily wounded.
The orc warrior hits you with a +0 glaive!!
* * * LOW HITPOINT WARNING * * *
You hit the orc warrior.
The orc warrior is heavily wounded.
The orc warrior hits you with a +0 glaive!!
You die...

#.# #.# #.#
#.# #.#
#..####.######
.............#
##..###.####.#
.. #@# #o# #Z#
#o# #.# #.#
... #.#


You could see an orc warrior, an orc priest and a bullfrog zombie.

Vanquished Creatures
  Pikel (D:4)
  A sky beast (D:3)
  A phantom (D:5)
  A lemure (D:4)
  Blork the orc (D:4)
  A scorpion (D:4)
  A howler monkey (D:5)
  A gnoll shaman (D:4)
  2 centaur skeletons
  An orc priest (D:6)
  2 hounds
  Natasha (thrice) (D:4)
  An orc wizard (D:6)
  A hound skeleton (D:5)
  10 gnolls (D:4)
  2 adders
  A shadow imp (D:5)
  An ufetubus (D:6)
  An adder skeleton (D:4)
  A worm (D:2)
  A dart slug (D:3)
  14 orcs
  6 ball pythons
  9 endoplasms
  A giant cockroach (D:2)
  7 goblins
  6 hobgoblins
  4 jackals (D:1)
  7 quokkas
  A bat (D:2)
  3 frilled lizards (D:1)
  9 kobolds
  6 rats
108 creatures vanquished.

Notes
Turn   | Place    | Note
-------+----------+-------------------------------------------
     0 | D:1      | sable the Minotaur Berserker began the quest for the Orb.
     0 | D:1      | Reached XP level 1. HP: 19/19 MP: 0/0
    65 | D:1      | Reached XP level 2. HP: 27/27 MP: 1/1
   115 | D:1      | Reached skill level 4 in Axes
   440 | D:1      | Found a faded altar of an unknown god.
   612 | D:1      | Found Moschywk's Magic Scroll Shoppe.
   823 | D:1      | Reached XP level 3. HP: 30/34 MP: 2/2
  1211 | D:2      | Reached ** piety under Trog
  1903 | D:3      | Found a burning altar of Makhleb.
  2084 | D:3      | Got Qoatzem's Guide on the Traveller
  2217 | D:3      | Reached XP level 4. HP: 31/41 MP: 3/3
  2365 | D:3      | Noticed a sky beast
  2375 | D:3      | Killed a sky beast
  2376 | D:3      | Reached skill level 5 in Axes
  2376 | D:3      | Reached XP level 5. HP: 39/47 MP: 4/4
  2989 | D:4      | Found a broken altar of Ashenzari.
  2996 | D:4      | Noticed Natasha
  3023 | D:4      | Killed Natasha
  3024 | D:4      | Reached skill level 5 in Fighting
  3065 | D:4      | Noticed Blork the orc
  3073 | D:4      | Reached skill level 6 in Axes
  3081 | D:4      | Killed Blork the orc
  3082 | D:4      | Reached XP level 6. HP: 19/56 MP: 5/5
  3161 | D:4      | Reached skill level 1 in Stealth
  3509 | D:4      | Reached skill level 7 in Axes
  3695 | D:4      | Reached XP level 7. HP: 58/61 MP: 6/6
  3726 | D:4      | Noticed Natasha
  3742 | D:4      | Killed Natasha
  3899 | D:4      | Noticed Natasha
  3908 | D:4      | Killed Natasha
  4007 | D:4      | Noticed Pikel
  4020 | D:4      | Killed Pikel
  4021 | D:4      | Reached skill level 8 in Axes
  4021 | D:4      | Reached skill level 5 in Armour
  4021 | D:4      | Reached XP level 8. HP: 70/70 MP: 7/7
  4295 | D:5      | Entered Level 5 of the Dungeon
  4301 | D:5      | Reached *** piety under Trog
  4514 | D:5      | Found a blossoming altar of Fedhas.
  4515 | D:5      | Found an iron altar of Okawaru.
  4515 | D:5      | Found a hide-covered altar of Uskayaw.
  4515 | D:5      | Found a snail-covered altar of Cheibriados.
  5106 | D:6      | Reached skill level 9 in Axes
  5192 | D:6      | Mangled by an orc warrior

Illustrated notes

Levels and vault maps discovered:
D:1:      dpeg_arrival_round_a, layout_basic, serial_shops, shop,
          chequers_ecumenical_altar_twisty, minmay_tall_x
D:2:      layout_loops_ring, roderic_filled_cross
D:3:      layout_loops_ring, bloody_makhleb, grunt_ministairs_6
D:4:      layout_rooms, nicolae_ashenzari_skybound, uniq_natasha, uniq_pikel,
          uniq_blork_the_orc
D:5:      layout_loops_cross, chequers_temple_overflow_statue_of_worship
D:6:      layout_basic, general_overflow_altar,
          minmay_temple_entry_statues_fountains

Skill      XL: |  1  2  3  4  5  6  7  8 |
---------------+-------------------------+-----
Axes           | 4 5 6 7 8 9 |  9.0
Fighting       | 4 5 6 |  6.6
Dodging        | 3 |  3.5
Armour         | 3 4 5 6 |  6.2
Stealth        | 1 |  1.0

Action                   |  1- 3 |  4- 6 |  7- 9 || total
-------------------------+-------+-------+-------++-------
Melee: Hand axe          |    91 |    80 |    96 ||   267
       Headbutt          |    15 |    14 |    18 ||    47
Invok: Berserk           |       |     2 |     2 ||     4
  Use: Scroll            |     4 |     3 |     1 ||     8
 Stab: Sleeping          |     1 |       |       ||     1
Armor: Animal skin       |     4 |       |       ||     4
       Chain mail        |     3 |    42 |    25 ||    70
       Scale mail        |     3 |       |       ||     3
       Leather armour    |     2 |       |       ||     2
Dodge: Dodged            |    56 |    83 |    44 ||   183
